 Dungeon Crawl Stone Soup version 0.32-a0-460-gc8eefc90e7 (webtiles) character file.

Game seed: 7530145184099476679

3766 Amplified the Basher (level 9, -1/82 HPs)
             Began as a Mountain Dwarf Fighter on Feb 24, 2024.
             Was a Priest of Wu Jian.
             Slain by a gnoll sergeant
             ... wielding a +0 spear
              (8 damage)
             ... on level 9 of the Dungeon.
             The game lasted 00:18:28 (6298 turns).

Amplified the Basher (Mountain Dwarf Fighter)       Turns: 6298, Time: 00:18:29

Health: -1/82      AC: 15    Str: 21    XL:     9   Next: 94%
Magic:  7/9        EV: 15    Int: 11    God:    Wu Jian [***...]
Gold:   288        SH:  6    Dex:  9    Spells: 3/8 levels left

rFire   . . .        t - +9 rapier "Utinoe" {pain, Will+}
rCold   . . .        c - +1 buckler
rNeg    . . .        b - +0 scale mail
rPois   .            p - +1 hat
rElec   .            (no cloak)
rCorr   .            (no gloves)
SInv    .            i - +1 pair of boots {Fly}
Will    +....        (no amulet) Stlth
                     k - +4 ring of protection
HPRegen 0.33/turn    u - +5 ring of evasion
MPRegen 0.11/turn

%: no passive effects
@: exhausted, flying
A: runic magic, artefact enchanting
a: Renounce Religion, Wall Jump, Serpent's Lash


You were on level 9 of the Dungeon.
You worshipped Wu Jian.
Wu Jian was most pleased with you.
You visited 2 branches of the dungeon, and saw 10 of its levels.

You collected 378 gold pieces.
You spent 90 gold pieces at shops.

Inventory:

Hand Weapons
 a - a +1 flail
 t - the +9 rapier "Utinoe" (weapon) {pain, Will+}
   (You found it on level 7 of the Dungeon)

   Will+:     It increases your willpower.
Missiles
 h - 17 poisoned darts (quivered)
Armour
 b - a +0 scale mail (worn)
 c - a +1 buckler (worn)
 i - a +1 pair of boots of flying (worn)
 p - a +1 hat (worn)
 s - the +0 leather armour of the Game of Kings {Dex+5}
   (You found it on level 6 of the Dungeon)

   Dex+5:     It affects your dexterity (+5).
Jewellery
 e - a ring of flight
 f - a ring of poison resistance
 k - a +4 ring of protection (left hand)
 u - a +5 ring of evasion (right hand)
Talismans
 l - a blade talisman
Wands
 d - a wand of flame (18)
Scrolls
 q - a scroll of immolation
 v - a scroll of identify
Potions
 g - a potion of cancellation
 m - a potion of magic
 n - a potion of brilliance


   Skills:
 + Level 8.6 Fighting
 * Level 2.4 Short Blades
 - Level 9.5 Maces & Flails
 - Level 6.9 Armour
 + Level 3.0 Dodging
 - Level 7.0 Shields
 * Level 1.2 Necromancy


You had 3 spell levels left.
You knew the following spells:

 Your Spells              Type           Power      Damage    Failure   Level
a - Ensorcelled Hibernat  Hex/Ice        0%         N/A       63%         2
b - Mephitic Cloud        Conj/Alch/Air  0%         N/A       85%         3

Your spell library contained the following spells:

 Spells                   Type           Power      Damage    Failure   Level
 Fugue of the Fallen      Necr           2%         N/A       69%         3
 Dazzling Flash           Conj/Hex       0%         N/A       85%         3
 Anguish                  Hex/Necr       0%         N/A       99%         4
 Curse of Agony           Necr           2%         N/A       100%        5
 Iskenderun's Battlesphe  Conj           0%         2d6       100%        5
 Silence                  Hex/Air        0%         N/A       100%        5
 Bombard                  Conj/Erth      0%         9d1       100%        6
 Spellforged Servitor     Conj/Summ      0%         N/A       100%        7


Dungeon Overview and Level Annotations

Branches:
Dungeon (9/15)             Temple (1/1) D:7
   Lair: D:8-11         Orc: D:9-12

Altars:
Cheibriados
Dithmenos
Elyvilon
Fedhas
Gozag
Hepliaklqana
Kikubaaqudgha
Makhleb
Nemelex Xobeh
Okawaru
Qazlal
Ru
Sif Muna
Trog
Vehumet
Wu Jian
Xom
Yredelemnul
Zin
The Shining One

Shops:
D:4 =

Annotations:
D:9 exclusion: obsidian statue


Innate Abilities, Weirdness & Mutations

Your spellcasting is much less encumbered by armour.
You can use scrolls of enchantment on lesser artefacts.


Message History

Press: ? - help, Shift-Dir - straight line, f/p - gnoll sergeant
Aim: a gnoll sergeant, wielding a +0 spear and wearing a +0 ring mail (77% to hit)
The puff of flame hits the gnoll sergeant.
The gnoll sergeant is lightly wounded.
The gnoll sergeant hits you but does no damage.
Unknown command.
Okay, then.
Okay, then.
Okay, then.
Unknown command.
Your muscles tense, ready for explosive movement...
You hit the gnoll sergeant.
The gnoll sergeant is moderately wounded.
The gnoll sergeant hits you with a +0 spear.
* * * LOW HITPOINT WARNING * * *
You hit the gnoll sergeant but do no damage.
The gnoll sergeant writhes in agony.
The gnoll sergeant is moderately wounded.
The gnoll closely misses you.
The gnoll sergeant hits you but does no damage.
You hit the gnoll but do no damage.
The gnoll is severely wounded.
The gnoll hits you but does no damage. x2
The gnoll sergeant hits you but does no damage.
Your magical contamination has completely faded away.
You puncture the gnoll!
You kill the gnoll!
The Council accepts your kill. The gnoll closely misses you.
You spin and attack the gnoll sergeant, with incredible momentum.
You puncture the gnoll sergeant!
The gnoll sergeant is heavily wounded.
Your supernatural speed expires.
You closely miss the gnoll sergeant.
The gnoll sergeant is heavily wounded.
You block the gnoll sergeant's attack.
You hit the gnoll sergeant.
The gnoll sergeant is severely wounded.
The gnoll sergeant hits you with a +0 spear!
You die...

############### ###############
###############
###################
#########.°@......#
#########gg.≈≈§...#
#######.)..##≈##..#
#######.#.≈#§$)#~,#
#######.#.§§[I)≈≈,*
#######)#.≈#=$:#≈.*
##....gg...##≈##..#********
**#####..........≈≈≈,,..,,,,,,,*
,,...................,,,,,,,,,,*


You could see a gnoll sergeant and a gnoll.

Vanquished Creatures
  A troll (D:9)
  Grinder (D:3)
  A hornet (D:7)
  Sigmund (D:3)
  2 steam dragons (D:7)
  3 ice beasts
  3 sky beasts
  A centaur (D:7)
  A phantom (D:5)
  A kobold brigand (D:7)
  2 bullfrogs
  A gnoll sergeant (D:9)
  5 scorpions
  3 wights
  6 killer bees (D:7)
  2 howler monkeys
  A crimson imp (D:5)
  3 bombardier beetles
  4 hounds
  3 orc priests
  A jelly (D:7)
  2 gnoll boudas
  2 sleepcaps
  3 orc wizards
  Ijyb (D:3)
  2 iguanas
  7 adders
  13 gnolls
  A white imp (D:5)
  2 ufetubi (D:5)
  4 dart slugs
  34 orcs
  7 ball pythons
  3 endoplasms
  2 giant cockroaches
  10 goblins
  9 hobgoblins
  8 jackals (D:3)
  8 kobolds
  5 quokkas
  4 bats
  10 frilled lizards
  7 rats
190 creatures vanquished.

Vanquished Creatures (others)
  A human (D:4)
  An orc wizard (D:7)
  An ufetubus (D:6)
3 creatures vanquished.

Grand Total: 193 creatures vanquished

Notes
Turn   | Place    | Note
-------+----------+-------------------------------------------
     0 | D:1      | Amplified the Mountain Dwarf Fighter began the quest for
                  | the Orb.
     0 | D:1      | Reached XP level 1. HP: 19/19 MP: 1/1
   238 | D:1      | Reached XP level 2. HP: 25/26 MP: 2/2
   825 | D:2      | Reached skill level 3 in Maces & Flails
   825 | D:2      | Reached XP level 3. HP: 33/33 MP: 3/3
   925 | D:2      | Learned a level 2 spell: Ensorcelled Hibernation
   965 | D:2      | Found a faded altar of an unknown god.
   976 | D:2      | Prayed at the altar of an unknown god.
   976 | D:2      | Became a worshipper of the Wu Jian Council
   976 | D:2      | Reached * piety under Wu Jian
  1341 | D:3      | Noticed Grinder
  1343 | D:3      | Paralysed by Grinder for 3 turns
  1357 | D:3      | Killed Grinder
  1358 | D:3      | Reached skill level 4 in Maces & Flails
  1358 | D:3      | Reached XP level 4. HP: 19/41 MP: 4/4
  1358 | D:3      | Reached XP level 5. HP: 22/47 MP: 5/5
  1586 | D:3      | Reached XP level 6. HP: 55/55 MP: 6/6
  1586 | D:3      | Noticed Ijyb
  1604 | D:3      | Killed Ijyb
  1746 | D:3      | Reached ** piety under Wu Jian
  1797 | D:3      | Noticed Sigmund
  1803 | D:3      | Killed Sigmund
  1804 | D:3      | Reached skill level 5 in Fighting
  1804 | D:3      | Reached skill level 5 in Maces & Flails
  1804 | D:3      | Reached skill level 5 in Shields
  2065 | D:3      | Reached XP level 7. HP: 54/61 MP: 7/7
  2324 | D:4      | Found Olose's Jewellery Boutique.
  2963 | D:4      | Found an ancient bone altar of Kikubaaqudgha.
  2964 | D:4      | Noticed a human
  2967 | D:4      | Killed a human
  3198 | D:5      | Entered Level 5 of the Dungeon
  3270 | D:5      | Reached skill level 5 in Armour
  3358 | D:5      | Reached skill level 6 in Maces & Flails
  3616 | D:5      | Reached XP level 8. HP: 65/71 MP: 8/8
  3621 | D:5      | Found a glowing silver altar of Zin.
  3633 | D:5      | Found Zin's Purification Station.
  3639 | D:5      | Bought a potion of curing for 90 gold pieces
  4106 | D:6      | Reached *** piety under Wu Jian
  4208 | D:6      | Identified the +0 leather armour of the Game of Kings
                  | {Dex+5}
  4424 | D:6      | Reached skill level 7 in Maces & Flails
  4951 | D:7      | Learned a level 3 spell: Mephitic Cloud
  5031 | D:7      | Reached skill level 1 in Dodging
  5204 | D:7      | Reached skill level 8 in Maces & Flails
  5216 | D:7      | Reached XP level 9. HP: 79/79 MP: 9/9
  5527 | D:7      | Found a staircase to the Ecumenical Temple.
  5536 | Temple   | Entered the Ecumenical Temple
  5719 | D:7      | Reached skill level 9 in Maces & Flails
  5881 | D:7      | Identified the +9 rapier "Utinoe" {pain, Will+}
  6024 | D:8      | Reached skill level 1 in Short Blades
  6062 | D:9      | Noticed a troll
  6077 | D:9      | Killed a troll
  6227 | D:8      | Reached skill level 1 in Necromancy
  6268 | D:9      | Noticed an obsidian statue
  6298 | D:9      | Slain by a gnoll sergeant

Illustrated notes

Levels and vault maps discovered:
D:1:      lightli_arrival_farm, layout_basic
D:2:      layout_basic, ebering_ecumenical_altar_ruins
D:3:      layout_loops_ring, minmay_goblin_outpost, uniq_grinder, uniq_sigmund,
          uniq_ijyb
D:4:      layout_rooms, tgw_kikubaaqudgha, serial_shops,
          nicolae_shop_tiny_statue_garden, st_stairs_5
D:5:      layout_basic, nicolae_uskayaw_murder_on_the_dancefloor,
          pf_just_have_faith, zin_purify, amethyst_killhole,
          minmay_fire_ice_demons
D:6:      layout_basic, nrook_campfire, minmay_lizard_king
D:7:      minmay_clustersquares, layout_rooms, minmay_temple_entry_poolview,
          corexii_checkpoint
D:8:      layout_loops_ring
D:9:      layout_roguey, serial_shops, shop, minmay_statues_item, minivault_15
Temple:   nicolae_temple_bog_church

Skill      XL: |  1  2  3  4  5  6  7  8  9 |
---------------+----------------------------+-----
Maces & Flails | 3 4 5 6 8 9 |  9.5
Fighting       | 4 5 6 7 8 |  8.6
Armour         | 4 5 6 |  6.9
Shields        | 4 5 6 7 |  7.0
Dodging        | 1 3 |  3.0
Short Blades   | 2 |  2.4
Necromancy     | 1 |  1.2

Action                     |  1- 3 |  4- 6 |  7- 9 || total
---------------------------+-------+-------+-------++-------
  Melee: Flail             |   121 |    91 |   427 ||   639
         Rapier            |       |       |   113 ||   113
  Throw: Dart              |       |     1 |     2 ||     3
   Cast: Mephitic Cloud    |       |       |     1 ||     1
 Invoke: Serpent's Lash    |       |       |    15 ||    15
Ability: Lunge             |     3 |     5 |    30 ||    38
         Wall Jump         |       |     2 |    35 ||    37
         Whirlwind         |       |       |    12 ||    12
  Evoke: Wand              |       |     8 |    21 ||    29
    Use: Scroll            |     8 |     1 |    13 ||    22
         Potion            |     6 |     1 |     7 ||    14
 Armour: Scale mail        |    82 |    56 |   396 ||   534
         Skin              |       |       |    79 ||    79
  Dodge: Dodged            |    56 |    40 |   232 ||   328
  Block: Buckler           |    29 |    20 |   177 ||   226

Table legend: (Time is in decaauts)
 A = Elapsed time spent in this place.
 B = Non-inter-level travel time spent in this place.
 C = Inter-level travel time spent in this place.
 D = Time resting spent in this place.
 E = Time spent auto-exploring this place.
 F = Levels seen in this place.
 G = Mean time per level.
                   A        B        C        D        E       F      G
               +--------+--------+--------+--------+--------+-----+--------+
         Total |   6410 |   6098 |    312 |    235 |   3993 |  10 |  641.0 |
       Dungeon |   6408 |   6096 |    312 |    235 |   3993 |   9 |  712.0 |
        Temple |      1 |      1 |      0 |      0 |      0 |   1 |    1.0 |
               +--------+--------+--------+--------+--------+-----+--------+

Top non-repeatable levels by time:
     D:6: 1084 daAuts
     D:3: 1022 daAuts
     D:7: 996 daAuts
     D:4: 934 daAuts
     D:5: 719 daAuts
     D:2: 706 daAuts
     D:1: 596 daAuts
     D:8: 188 daAuts
     D:9: 159 daAuts
  Temple: 1 daAuts
